Map: Inside and Out

Players

Zoun - Winner!

  • Race: Protoss Protoss
  • Spawn Location: 7:00

PtitDrogo

  • Race: Protoss Protoss
  • Spawn Location: 1:00

Event: DreamHack SC2 Masters 2022 Atlanta (Offline)

VOD

Have the link to the VOD?

Description

Time

  • Played on: Nov. 18, 2022, 3:14 p.m.
  • Length: 5:30

All games in this series

Show
View Real Time Build Order
Export as new Build Order

Zoun Protoss - Winner!

Build Orders:  

Get SALT Encoding   

  12  0:00  Probe  
  13  0:12  Probe  
  14  0:17  Pylon  
  14  0:24  Probe (Chrono Boost)  
  15  0:36  Probe (Chrono Boost)  
  15  0:37  Gateway  
  16  0:44  Probe (Chrono Boost)  
  16  0:46  Assimilator  
  17  0:51  Probe  
  18  1:03  Probe  
  19  1:15  Probe  
  20  1:24  Cybernetics Core  
  20  1:25  Pylon  
  20  1:27  Probe, Assimilator  
  23  1:43  Probe  
  24  1:54  Nexus  
  22  1:55  Probe  
  22  1:58  Stalker (Chrono Boost)  
  25  2:04  Warp Gate  
  25  2:11  Probe  
  26  2:20  Stalker  
  28  2:22  Shield Battery  
  27  2:37  Probe  
  27  2:42  Pylon  
  28  2:50  Gateway  
  28  2:58  Robotics Facility  
  28  3:01  Stalker  
  30  3:15  Probe  
  30  3:17  Gateway  
  30  3:18  Gateway  
  28  3:36  Probe  
  28  3:39  Probe  
  30  3:48  Immortal (Chrono Boost), Probe  
  31  3:53  Sentry  
  35  4:11  Stalker  
  37  4:19  Stalker  
  39  4:25  Stalker  
  41  4:38  Warp Prism (Chrono Boost)  
  41  4:44  Stalker  
  45  4:55  Zealot  
  45  4:56  Adept  
  45  4:58  Probe  
  48  5:12  Stalker  
  50  5:19  Zealot x2  
Show
View Real Time Build Order
Export as new Build Order

PtitDrogo Protoss 

Build Orders:  

Get SALT Encoding   

  12  0:00  Probe  
  13  0:12  Probe  
  14  0:17  Pylon  
  14  0:24  Probe (Chrono Boost)  
  15  0:36  Probe (Chrono Boost)  
  15  0:37  Gateway  
  16  0:45  Probe (Chrono Boost)  
  16  0:46  Assimilator  
  17  0:51  Probe  
  17  0:54  Assimilator  
  18  1:03  Probe (Chrono Boost)  
  19  1:12  Gateway, Probe (Chrono Boost)  
  19  1:17  Probe (Chrono Boost)  
  20  1:25  Cybernetics Core  
  21  1:29  Probe  
  22  1:34  Pylon  
  22  1:41  Probe  
  23  2:01  Adept x2, Warp Gate  
  27  2:06  Robotics Facility  
  27  2:12  Pylon  
  28  2:31  Stalker x2  
  31  2:46  Gateway  
  31  2:51  Warp Prism (Chrono Boost)  
  32  3:09  Pylon  
  30  3:20  Immortal (Chrono Boost)  
  34  3:40  Pylon  
  32  3:49  Adept x3  
  38  4:04  Immortal (Chrono Boost)  
  42  4:17  Sentry x3  
  48  4:38  Immortal (Chrono Boost)  
  48  4:42  Adept  
  54  4:45  Pylon  
  54  5:13  Adept x3  
Tags
 
Add a new tag
Caveats
  • Supply blocks, unpowered buildings, or Contaminate may cause inaccurate times.
  • Supply counts are checked every 10 seconds.